 Dungeon Sprint DCSS version 0.32-a0-411-g744942f433 (webtiles) character file.

Game seed: 6270355128150038395

0 shadowstone the Ruffian (level 1, 0/13 HPs)
             Began as an Octopode Shapeshifter on Feb 20, 2024.
             Was an Initiate of Qazlal.
             Slain by a kobold
             ... wielding a +0 short sword
              (4 damage)
             ... in the Dungeon (Sprint VI: "Thunderdome").
             The game lasted 00:00:37 (44 turns).

shadowstone the Ruffian (Octopode Shapeshifter)       Turns: 44, Time: 00:00:38

Health: 0/13       AC:  1    Str: 13    XL:     1   Next: 0%
Magic:  1/1        EV: 13    Int: 12    God:    Qazlal [......]
Gold:   200        SH:  0    Dex: 11    Spells: 0/0 levels left

rFire   . .          .
                       - Unarmed
rCold   . . .        (no shield)
rNeg    . . .        (helmet currently unavailable)
rPois   .            (no amulet)
rElec   .            (no ring)
rCorr   .            (no ring)
SInv    .            (no ring)
Will    .....        (no ring)
Stlth   ++           (no ring)
HPRegen 0.22/turn    (no ring)
MPRegen 0.07/turn    (no ring)
                     (no ring)

%: no teleportation
@: beast-form
A: beast (slay +1), almost no armour, amphibious, 8 rings, camouflage 1,
gelatinous body 1, (nimble swimmer 1), tentacles
a: Begin Untransformation, Renounce Religion


You were in the Dungeon.
You worshipped Qazlal.
Qazlal was noncommittal.
You were a hulking beast.
You visited 1 branch You collected 200 gold pieces.

Inventory:

Talismans
 b - a beast talisman (active)
 c - a flux talisman
Wands
 k - a wand of quicksilver (5) (quivered)
 l - a wand of roots (5)
Scrolls
 i - 4 scrolls of blinking
 m - 3 scrolls of fog
Potions
 a - a potion of lignification
 d - a potion of curing
 e - 4 potions of heal wounds
 f - 4 potions of haste
 g - 2 potions of magic
 h - a potion of berserk rage
 j - 2 potions of resistance


   Skills:
 + Level 1.0 Fighting
 + Level 2.0 Dodging
 + Level 3.0 Unarmed Combat
 + Level 3.0 Shapeshifting


You couldn't memorise any spells.
You didn't know any spells.
Your spell library was empty.

Dungeon Overview and Level Annotations

Branches:
Dungeon (1/1)

Altars:
Cheibriados
Dithmenos
Fedhas
Gozag
Kikubaaqudgha
Qazlal
Ru
Sif Muna
Trog
Vehumet
Yredelemnul
The Shining One
Lugonu

Shops:
D ??:(!!!!


Innate Abilities, Weirdness & Mutations

You are a hulking beast.
Your limbs bulge with bestial killing power. (Slay +1)
You cannot wear most types of armour.
You are amphibious.
You can wear up to eight rings at the same time.
Your skin changes colour to match your surroundings (Stealth+).
Your rubbery body absorbs attacks. (AC +1, EV +1)
((You are camouflaged when in or above water. (Stealth+)))
You have tentacles for arms and can constrict up to eight enemies at once.


Message History

Found Udea's Magic Scroll Shop and Onwiosyg's Staff Store.
Found a sacrificial altar of Ru and a radiant altar of Vehumet.
Found Itink's Magic Scroll Shop and Gusapram's Must-Have Magic.
Found a bloodstained altar of Trog.
There is a stormy altar of Qazlal here.
You curl up in front of the altar of Qazlal.
Qazlal welcomes you!
Qazlal grants you and your divine allies immunity to clouds.
Found a shadowy altar of Dithmenos.
Found a corrupted altar of Lugonu.
Found Pogyutel's Distillery.
Found Azxuo's Do-It-Yourself Clinic.
Found two altars.
A kobold comes into view. It is wielding a +0 short sword.
Jessica the Apprentice Sorceress comes into view.
She is wielding a +0 dagger and wearing a +2 robe of resistance.
Found Riseusm's Distillery and Weceh's Bottled Wisdom.
Jessica shouts!
Jessica hits you with a +0 dagger!
Ouch! That really hurt!
You closely miss Jessica. Your grab misses Jessica. You squeeze Jessica.
Jessica is moderately wounded.
Jessica hits you with a +0 dagger.
You closely miss Jessica. You grab Jessica.
Jessica is moderately wounded.
You constrict Jessica, but do no damage.
Jessica hits you but does no damage.
You tentacle-slap Jessica but do no damage.
You squeeze Jessica, but do no damage.
Jessica is moderately wounded.
You constrict Jessica, but do no damage.
Jessica barely misses you.
You tentacle-slap Jessica. You squeeze Jessica, but do no damage.
Jessica is heavily wounded.
You constrict Jessica, but do no damage.
Jessica mumbles some strange words.
Jessica seems to speed up.
The kobold misses you.
You tentacle-slap Jessica.
You kill Jessica!
Qazlal accepts your kill.
The kobold hits you with a +0 short sword.
You die...

###.........###
#⌠...........⌠#
###.ß.........ß.######
__......###......___∩##
......ß.# #.ß........∩#
........###............
.....###...###.........
..... #.<.# #K........
..... #...# #h........
.... ...###...)........
......ß. #.ß........∩#
...... #......_._∩##
#.ß... .....ß.######
#⌠...........⌠#
###.........### .......


You could see a kobold.

Vanquished Creatures
  Jessica (D)
1 creature vanquished.

Notes
Turn   | Place    | Note
-------+----------+-------------------------------------------
     0 | D        | shadowstone the Octopode Shapeshifter began the quest for
                  | the Orb.
     0 | D        | Reached XP level 1. HP: 13/13 MP: 1/1
     4 | D        | Found a snail-covered altar of Cheibriados.
     4 | D        | Found a basalt altar of Yredelemnul.
     5 | D        | Found a blossoming altar of Fedhas.
     5 | D        | Found a shimmering blue altar of Sif Muna.
     5 | D        | Round 1.
     6 | D        | Found an opulent altar of Gozag.
     6 | D        | Found a stormy altar of Qazlal.
     7 | D        | Found a sacrificial altar of Ru.
     7 | D        | Found a radiant altar of Vehumet.
     7 | D        | Found Udea's Magic Scroll Shop.
     7 | D        | Found Onwiosyg's Staff Store.
     8 | D        | Found Itink's Magic Scroll Shop.
     8 | D        | Found Gusapram's Must-Have Magic.
    15 | D        | Found a bloodstained altar of Trog.
    20 | D        | Became a worshipper of Qazlal Stormbringer
    25 | D        | Found a shadowy altar of Dithmenos.
    29 | D        | Found a corrupted altar of Lugonu.
    30 | D        | Found Pogyutel's Distillery.
    32 | D        | Found a glowing golden altar of the Shining One.
    32 | D        | Found an ancient bone altar of Kikubaaqudgha.
    32 | D        | Found Azxuo's Do-It-Yourself Clinic.
    33 | D        | Found Riseusm's Distillery.
    33 | D        | Found Weceh's Bottled Wisdom.
    33 | D        | Noticed Jessica
    44 | D        | Killed Jessica
    44 | D        | Slain by a kobold

Illustrated notes

Levels and vault maps discovered:
D:        arena_sprint

Action                     || total
---------------------------++-------
  Melee: Unarmed           ||     5
         Tentacles         ||     3
         Constrict         ||     1
 Armour: Skin              ||     4
  Dodge: Dodged            ||     2

Table legend: (Time is in decaauts)
 A = Elapsed time spent in this place.
 B = Non-inter-level travel time spent in this place.
 C = Inter-level travel time spent in this place.
 D = Time resting spent in this place.
 E = Time spent auto-exploring this place.
 F = Levels seen in this place.
 G = Mean time per level.
                   A        B        C        D        E       F      G
               +--------+--------+--------+--------+--------+-----+--------+
         Total |     44 |     41 |      3 |      0 |      0 |   1 |   44.0 |
       Dungeon |     44 |     41 |      3 |      0 |      0 |   1 |   44.0 |
               +--------+--------+--------+--------+--------+-----+--------+

Top non-repeatable levels by time:
       D: 44 daAuts
